Map: Dusk Towers

Players

Blechfaust

  • Race: Terran Terran
  • League: Gold

NestorMakhno - Winner!

  • Race: Protoss Protoss
  • League: Gold

VOD

Have the link to the VOD?

Description

Time

  • Played on: April 9, 2016, 2:17 p.m.
  • Length: 14:41
Show
View Real Time Build Order
Export as new Build Order

Blechfaust Terran 

Build Orders: MMM Bio 

Get SALT Encoding   

  12  0:01  SCV  
  13  0:13  SCV  
  14  0:17  Supply Depot  
  14  0:25  SCV  
  15  0:39  SCV  
  15  0:40  Barracks  
  16  0:44  Refinery  
  16  0:51  SCV  
  17  1:03  SCV  
  18  1:08  Barracks  
  18  1:27  Marine  
  18  1:30  Supply Depot  
  19  1:35  Orbital Command  
  19  1:47  Refinery  
  19  2:02  Barracks Tech Lab, Barracks Reactor  
  19  2:04  SCV  
  20  2:16  SCV  
  20  2:22  Combat Shields  
  22  2:31  Engineering Bay  
  22  2:37  SCV  
  22  2:40  Barracks  
  22  2:43  Factory  
  23  2:49  SCV, Marine  
  23  2:50  Marine  
  25  2:51  Marine  
  26  3:02  SCV  
  27  3:07  Supply Depot  
  27  3:09  Supply Depot  
  27  3:13  Marine, Marauder  
  27  3:18  Marine  
  31  3:31  Terran Infantry Weapons Level 1  
  31  3:36  Starport  
  31  3:43  Supply Depot  
  31  3:47  Marine  
  31  3:48  Marine  
  33  3:51  Marauder  
  35  3:59  Stimpack  
  35  4:07  Marine x2  
  37  4:13  Marauder  
  37  4:14  Medivac  
  41  4:19  Supply Depot  
  41  4:25  Marine x2  
  43  4:34  Marauder  
  45  4:43  Marine x2  
  45  4:44  Medivac  
  49  4:55  Marauder  
  51  5:00  Supply Depot  
  51  5:01  Marine x2  
  53  5:14  Medivac  
  55  5:17  Marauder  
  55  5:19  Marine x2  
  59  5:25  Terran Infantry Armor Level 1  
  59  5:32  Supply Depot  
  59  5:36  Marine x2  
  59  5:38  Marauder  
  63  5:44  Medivac  
  65  5:54  Marine x2  
  65  5:55  Supply Depot  
  67  5:59  Marauder  
  67  6:02  Concussive Shells  
  69  6:26  Marine x2  
  69  6:27  Medivac, Marauder  
  75  6:36  Supply Depot  
  75  6:51  Marine x2  
  75  6:52  Marauder  
  66  7:09  Marine x2, Medivac  
  66  7:13  Marauder  
  72  7:26  Marine  
  72  7:27  Marine  
  74  7:35  Marauder  
  72  7:39  Medivac, Command Center  
  54  7:52  Marine x2  
  54  7:56  Marauder  
  47  8:10  Marine x2  
  49  8:25  Barracks  
  49  8:29  Barracks  
  49  8:32  Armory  
  49  8:33  Engineering Bay  
  49  8:34  Starport Reactor  
  49  8:35  Factory Tech Lab  
  49  8:46  Marine x2  
  49  8:48  Marauder  
  53  8:53  Missile Turret  
  53  9:00  Missile Turret  
  53  9:05  Orbital Command  
  53  9:14  Barracks Tech Lab  
  53  9:20  Barracks Reactor  
  53  9:28  SCV  
  54  9:34  Marauder x2  
  54  9:38  Marine x2  
  60  9:40  SCV  
  60  9:43  SCV  
  62  9:53  SCV  
  62  9:56  Marauder x2  
  67  10:03  SCV  
  68  10:08  Terran Infantry Weapons Level 2  
  68  10:11  Terran Infantry Armor Level 2  
  68  10:23  Missile Turret  
  68  10:27  Refinery  
  68  10:28  SCV x2  
  70  10:29  Refinery  
  70  10:31  Marauder  
  72  10:41  Marauder  
  74  10:45  Barracks  
  74  10:55  SCV x2  
  76  11:09  Command Center  
  76  11:12  Marine  
  76  11:13  Marine  
  76  11:17  Marauder  
  80  11:21  Marauder  
  82  11:34  Barracks Reactor  
  82  11:38  Marauder  
  82  11:39  Marine x2  
  86  11:40  Marine x2  
  86  11:43  Marauder  
  90  11:57  Marine, Missile Turret  
  90  11:59  Marauder  
  93  12:04  Marauder  
  95  12:11  SCV x2  
  95  12:13  Marine x3  
  95  12:14  Marine  
  95  12:15  Marine  
  102  12:19  Missile Turret  
  102  12:21  Orbital Command  
  102  12:23  SCV x2  
  104  12:36  Marine  
  104  12:37  Marine x3  
  108  12:51  SCV x2  
  108  12:52  SCV  
  111  13:03  SCV x2  
  111  13:04  SCV  
  114  13:06  Siege Tank  
  114  13:07  Marine x5  
  114  13:08  Marine  
  114  13:10  Marauder  
  125  13:22  Supply Depot  
  125  13:23  Supply Depot  
  125  13:43  SCV x3  
  125  13:44  Marine x6, Marauder x2  
  138  13:48  Supply Depot  
  138  13:50  Supply Depot  
  138  13:57  Missile Turret  
  138  14:01  Marine, Medivac  
  141  14:10  Medivac  
  141  14:11  Supply Depot  
  141  14:12  Supply Depot  
  141  14:15  Marine x2  
  141  14:16  Marine  
  141  14:17  Marine x2  
  149  14:18  Marauder x2  
Show
View Real Time Build Order
Export as new Build Order

NestorMakhno Protoss - Winner!

Build Orders:  

Get SALT Encoding   

  12  0:01  Probe (Chrono Boost)  
  13  0:11  Probe (Chrono Boost)  
  14  0:20  Pylon  
  14  0:22  Probe (Chrono Boost)  
  15  0:38  Probe (Chrono Boost)  
  15  0:39  Gateway  
  16  0:49  Probe (Chrono Boost)  
  17  0:52  Assimilator  
  17  0:59  Probe (Chrono Boost)  
  18  1:10  Probe (Chrono Boost)  
  19  1:22  Probe (Chrono Boost)  
  21  1:32  Probe (Chrono Boost)  
  21  1:38  Cybernetics Core  
  20  1:49  Probe (Chrono Boost)  
  20  1:52  Nexus  
  21  1:55  Pylon  
  21  2:00  Probe (Chrono Boost)  
  22  2:02  Assimilator  
  22  2:10  Probe (Chrono Boost)  
  23  2:19  Mothership Core  
  25  2:27  Warp Gate (Chrono Boost)  
  25  2:34  Stalker  
  27  2:38  Gateway, Probe  
  27  2:43  Pylon  
  28  2:49  Probe  
  29  2:54  Gateway  
  29  3:00  Probe  
  30  3:10  Probe  
  31  3:13  Probe, Stalker  
  34  3:21  Probe  
  34  3:23  Pylon  
  35  3:27  Adept  
  35  3:30  Probe  
  38  3:36  Pylon  
  38  3:42  Forge  
  38  3:45  Probe  
  38  3:46  Probe  
  40  3:56  Probe  
  40  3:58  Probe  
  42  4:10  Probe x2  
  44  4:19  Photon Cannon  
  44  4:20  Probe  
  44  4:22  Probe, Stalker x3  
  52  4:31  Probe  
  52  4:35  Probe  
  54  4:41  Probe  
  55  4:48  Pylon  
  55  4:49  Assimilator  
  55  4:53  Probe  
  55  4:54  Photon Cannon, Probe  
  55  4:55  Assimilator  
  55  4:57  Protoss Ground Armor Level 1 (Chrono Boost)  
  57  5:02  Adept x2  
  57  5:03  Robotics Facility  
  57  5:04  Probe  
  57  5:06  Probe  
  63  5:12  Robotics Facility  
  63  5:14  Pylon  
  63  5:25  Photon Cannon  
  63  5:34  Probe  
  63  5:35  Probe  
  65  5:39  Adept x3  
  71  5:44  Probe  
  71  5:47  Probe  
  73  5:55  Probe  
  74  5:57  Twilight Council  
  74  5:59  Probe  
  74  6:00  Immortal, Observer  
  80  6:16  Adept x3  
  86  6:30  Pylon x2  
  86  6:31  Pylon  
  86  6:42  Pylon  
  86  6:44  Pylon  
  86  6:48  Immortal x2 (Chrono Boost), Stalker  
  86  6:49  Stalker x2  
  86  7:13  Stalker x3  
  91  7:21  Gateway x2  
  91  7:23  Gateway  
  91  7:31  Pylon  
  91  7:39  Zealot x3  
  87  7:51  Probe x2  
  85  7:55  Protoss Ground Armor Level 2 (Chrono Boost)  
  81  7:58  Immortal  
  81  8:01  Forge, Resonating Glaives (Chrono Boost)  
  81  8:03  Immortal  
  87  8:24  Nexus  
  87  8:26  Pylon  
  87  8:27  Pylon  
  87  8:29  Pylon  
  87  8:36  Photon Cannon  
  87  8:38  Photon Cannon, Immortal  
  87  8:43  Immortal  
  87  8:47  Adept  
  97  8:52  Probe x2  
  99  9:05  Photon Cannon  
  99  9:07  Protoss Ground Weapons Level 1 (Chrono Boost)  
  99  9:08  Photon Cannon  
  99  9:13  Pylon  
  99  9:19  Gateway  
  99  9:20  Gateway  
  99  9:25  Gateway  
  99  9:28  Charge  
  99  9:29  Observer  
  99  9:32  Observer  
  101  9:41  Assimilator  
  101  9:43  Assimilator  
  101  9:48  Photon Cannon  
  101  9:49  Stalker  
  103  10:01  Probe  
  103  10:02  Probe  
  105  10:15  Protoss Ground Armor Level 3 (Chrono Boost)  
  105  10:24  Robotics Bay  
  105  10:28  Observer  
  107  10:29  Immortal  
  107  10:31  Stalker  
  107  10:32  Stalker x4  
  120  10:47  Probe  
  120  10:48  Probe x2  
  123  11:18  Nexus  
  123  11:21  Pylon  
  123  11:23  Pylon  
  123  11:25  Pylon  
  123  11:26  Blink  
  123  11:27  Pylon x2  
  123  11:28  Pylon  
  123  11:29  Pylon  
  123  11:33  Pylon  
  123  11:37  Protoss Ground Weapons Level 2 (Chrono Boost)  
  123  11:40  Templar Archives  
  123  11:41  Extended Thermal Lance, Colossus (Chrono Boost)  
  123  11:45  Colossus (Chrono Boost)  
  135  11:56  Assimilator  
  135  12:01  Assimilator  
  135  12:03  Probe  
  135  12:04  Photon Cannon, Probe  
  135  12:05  Photon Cannon  
  136  12:18  Psionic Storm  
  136  12:22  High Templar  
  136  12:23  High Templar x5  
  148  12:33  Colossus (Chrono Boost)  
  154  12:38  Gateway  
  154  12:39  Gateway  
  154  12:41  Gateway  
  154  12:51  Dark Shrine  
  154  12:59  Photon Cannon  
  154  13:01  Photon Cannon  
  154  13:19  High Templar x2  
  158  13:20  High Templar x5  
  158  13:23  Archon  
  158  13:24  Archon x2  
  168  13:31  Colossus (Chrono Boost)  
  173  14:14  Nexus  
  179  14:17  Pylon  
  179  14:19  Pylon  
  179  14:21  Pylon  
  179  14:23  Pylon  
  185  14:24  Pylon  
  185  14:27  Gateway  
  185  14:29  Gateway  
  173  14:37  Gateway  
  173  14:38  Gateway  
Tags
 
Composition
MMM Bio
League
GoldGold
Matchup
PvT
Add a new tag
Caveats
  • Supply blocks, unpowered buildings, or Contaminate may cause inaccurate times.
  • Supply counts are checked every 10 seconds.